Workbook

Sheet INPUTS
C2: “Tree Improvement Investment for Forestry in Alberta” valuation model (TIIFA) - Version 1.0
B5: Controlled Parentage Program (CPP) | C5: Region C
B7: Current volume gain (%) | C7: 0.04
B8: Annual discount rate (%) | C8: 0.08
B10: Decade discount rate (%) | C10: =((1+C8)^10)-1 -> 1.158925
B11: Year 1 PV as a ratio of gross non discounted value (10y period) | C11: =(NPV(C8,100,100,100,100,100,100,100,100,100,100))/1000 -> 0.67100814 | F11: INPUTS
C13: Input values (Note: some values need to be entered per decade not per year)
B15: Decade | C15: Total number of seedlings planted per decade | D15: Number of seedlings / hectare | E15: Average dollar value / m3 wood | F15: Total area planted per decade (ha) | G15: MAI (m3/ha/yr) | H15: Rotation age | I15: Expected volume gain per decade | J15: Area planted with improved seed per decade | K15: TI program costs per decade
B16: 1 | C16: 50000000 | D16: 1800 | E16: 110 | F16: =INPUTS!C16/INPUTS!D16 -> 27777.778 | G16: 3 | H16: 80 | I16: 0.06 | J16: 0.15 | K16: 5000000
B17: 2 | C17: 50000000 | D17: 1800 | E17: 110 | F17: =INPUTS!C17/INPUTS!D17 -> 27777.778 | G17: 3 | H17: 80 | I17: 0.08 | J17: 0.3 | K17: 5000000
B18: 3 | C18: 50000000 | D18: 1800 | E18: 110 | F18: =INPUTS!C18/INPUTS!D18 -> 27777.778 | G18: 3 | H18: 80 | I18: 0.1 | J18: 0.45 | K18: 5000000
B19: 4 | C19: 50000000 | D19: 1800 | E19: 110 | F19: =INPUTS!C19/INPUTS!D19 -> 27777.778 | G19: 3 | H19: 80 | I19: 0.12 | J19: 0.6 | K19: 5000000
B20: 5 | C20: 50000000 | D20: 1800 | E20: 110 | F20: =INPUTS!C20/INPUTS!D20 -> 27777.778 | G20: 3 | H20: 80 | I20: 0.14 | J20: 0.75 | K20: 5000000
B21: 6 | C21: 50000000 | D21: 1800 | E21: 110 | F21: =INPUTS!C21/INPUTS!D21 -> 27777.778 | G21: 3 | H21: 80 | I21: 0.16 | J21: 0.9 | K21: 5000000
B22: 7 | C22: 50000000 | D22: 1800 | E22: 110 | F22: =INPUTS!C22/INPUTS!D22 -> 27777.778 | G22: 3 | H22: 80 | I22: 0.18 | J22: 1 | K22: 5000000
B23: 8 | C23: 50000000 | D23: 1800 | E23: 110 | F23: =INPUTS!C23/INPUTS!D23 -> 27777.778 | G23: 3 | H23: 80 | I23: 0.2 | J23: 1 | K23: 5000000
B24: 9 | C24: 50000000 | D24: 1800 | E24: 110 | F24: =INPUTS!C24/INPUTS!D24 -> 27777.778 | G24: 3 | H24: 80 | I24: 0.22 | J24: 1 | K24: 5000000
B25: 10 | C25: 50000000 | D25: 1800 | E25: 110 | F25: =INPUTS!C25/INPUTS!D25 -> 27777.778 | G25: 3 | H25: 80 | I25: 0.24 | J25: 1 | K25: 5000000
B26: 11 | C26: 50000000 | D26: 1800 | E26: 110 | F26: =INPUTS!C26/INPUTS!D26 -> 27777.778 | G26: 3 | H26: 80 | I26: 0.26 | J26: 1 | K26: 5000000
B27: 12 | C27: 50000000 | D27: 1800 | E27: 110 | F27: =INPUTS!C27/INPUTS!D27 -> 27777.778 | G27: 3 | H27: 80 | I27: 0.28 | J27: 1 | K27: 5000000
... B35: 20 | C35: 50000000 | D35: 1800 | E35: 110 | F35: =INPUTS!C35/INPUTS!D35 -> 27777.778 | G35: 3 | H35: 80 | I35: 0.3 | J35: 1 | K35: 5000000

Sheet VOLUME
C2: VOLUME w/o TI | E2: VOLUME with TI
B4: Decade | C4: Volume (million m3) w/o tree improvement per decade | E4: Volume (million m3) from tree improvement per decade | F4: Volume increase from tree improvement per decade
B5: 1 | C5: =INPUTS!G16*(INPUTS!H16)*INPUTS!F16 -> 6666666.7 | E5: =C5*(INPUTS!I16-INPUTS!$C$7)*INPUTS!J16 -> 20000 | F5: =E5/C5 -> 0.003
B6: 2 | C6: =INPUTS!G17*(INPUTS!H17)*INPUTS!F17 -> 6666666.7 | E6: =C6*(INPUTS!I17-INPUTS!$C$7)*INPUTS!J17 -> 80000 | F6: =E6/C6 -> 0.012
B7: 3 | C7: =INPUTS!G18*(INPUTS!H18)*INPUTS!F18 -> 6666666.7 | E7: =C7*(INPUTS!I18-INPUTS!$C$7)*INPUTS!J18 -> 180000 | F7: =E7/C7 -> 0.027
B8: 4 | C8: =INPUTS!G19*(INPUTS!H19)*INPUTS!F19 -> 6666666.7 | E8: =C8*(INPUTS!I19-INPUTS!$C$7)*INPUTS!J19 -> 320000 | F8: =E8/C8 -> 0.048
B9: 5 | C9: =INPUTS!G20*(INPUTS!H20)*INPUTS!F20 -> 6666666.7 | E9: =C9*(INPUTS!I20-INPUTS!$C$7)*INPUTS!J20 -> 500000 | F9: =E9/C9 -> 0.075
B10: 6 | C10: =INPUTS!G21*(INPUTS!H21)*INPUTS!F21 -> 6666666.7 | E10: =C10*(INPUTS!I21-INPUTS!$C$7)*INPUTS!J21 -> 720000 | F10: =E10/C10 -> 0.108
B11: 7 | C11: =INPUTS!G22*(INPUTS!H22)*INPUTS!F22 -> 6666666.7 | E11: =C11*(INPUTS!I22-INPUTS!$C$7)*INPUTS!J22 -> 933333.33 | F11: =E11/C11 -> 0.14
B12: 8 | C12: =INPUTS!G23*(INPUTS!H23)*INPUTS!F23 -> 6666666.7 | E12: =C12*(INPUTS!I23-INPUTS!$C$7)*INPUTS!J23 -> 1066666.7 | F12: =E12/C12 -> 0.16
B13: 9 | C13: =INPUTS!G24*(INPUTS!H24)*INPUTS!F24 -> 6666666.7 | E13: =C13*(INPUTS!I24-INPUTS!$C$7)*INPUTS!J24 -> 1200000 | F13: =E13/C13 -> 0.18
B14: 10 | C14: =INPUTS!G25*(INPUTS!H25)*INPUTS!F25 -> 6666666.7 | E14: =C14*(INPUTS!I25-INPUTS!$C$7)*INPUTS!J25 -> 1333333.3 | F14: =E14/C14 -> 0.2
B15: 11 | C15: =INPUTS!G26*(INPUTS!H26)*INPUTS!F26 -> 6666666.7 | E15: =C15*(INPUTS!I26-INPUTS!$C$7)*INPUTS!J26 -> 1466666.7 | F15: =E15/C15 -> 0.22
B16: 12 | C16: =INPUTS!G27*(INPUTS!H27)*INPUTS!F27 -> 6666666.7 | E16: =C16*(INPUTS!I27-INPUTS!$C$7)*INPUTS!J27 -> 1600000 | F16: =E16/C16 -> 0.24
... B24: 20 | C24: =INPUTS!G35*(INPUTS!H35)*INPUTS!F35 -> 6666666.7 | E24: =C24*(INPUTS!I35-INPUTS!$C$7)*INPUTS!J35 -> 1733333.3 | F24: =E24/C24 -> 0.26
C26: =CONCATENATE("Total: ",ROUND(SUM(C5:C24)/1000000,2)) -> Total: 133.33 | E26: =CONCATENATE("Total: ",ROUND(SUM(E5:E24)/1000000,2)) -> Total: 23.29

Sheet NPV
D2: Net present value (NPV) outputs
B4: Note: The net present values (NPVs) are calculated under the assumption of receiving the Allowable Cut Effect (ACE) as a result of planting of improved stock. This allows return on investments within the decade of platning and does not require to wait until rotation age to access the revenue from timber sales.
B6: Decade | C6: Timber sales discounted to year 1 of decade (million dollars) | D6: Program cost discounted to year 1 of decade (million dollars) | E6: NPV per decade (million dollars)
B7: 1 | C7: =(INPUTS!E16)*VOLUME!E5*INPUTS!$C$11 -> 1476217.9 | D7: =INPUTS!K16*INPUTS!$C$11 -> 3355040.7 | E7: =(C7-D7)/(1+INPUTS!$C$10)^(INPUTS!B16-1) -> -1878822.8
B8: 2 | C8: =(INPUTS!E17)*VOLUME!E6*INPUTS!$C$11 -> 5904871.6 | D8: =INPUTS!K17*INPUTS!$C$11 -> 3355040.7 | E8: =(C8-D8)/(1+INPUTS!$C$10)^(INPUTS!B17-1) -> 1181065.1
B9: 3 | C9: =(INPUTS!E18)*VOLUME!E7*INPUTS!$C$11 -> 13285961 | D9: =INPUTS!K18*INPUTS!$C$11 -> 3355040.7 | E9: =(C9-D9)/(1+INPUTS!$C$10)^(INPUTS!B18-1) -> 2130661.2
B10: 4 | C10: =(INPUTS!E19)*VOLUME!E8*INPUTS!$C$11 -> 23619487 | D10: =INPUTS!K19*INPUTS!$C$11 -> 3355040.7 | E10: =(C10-D10)/(1+INPUTS!$C$10)^(INPUTS!B19-1) -> 2013826.6
B11: 5 | C11: =(INPUTS!E20)*VOLUME!E9*INPUTS!$C$11 -> 36905448 | D11: =INPUTS!K20*INPUTS!$C$11 -> 3355040.7 | E11: =(C11-D11)/(1+INPUTS!$C$10)^(INPUTS!B20-1) -> 1544356.5
B12: 6 | C12: =(INPUTS!E21)*VOLUME!E10*INPUTS!$C$11 -> 53143845 | D12: =INPUTS!K21*INPUTS!$C$11 -> 3355040.7 | E12: =(C12-D12)/(1+INPUTS!$C$10)^(INPUTS!B21-1) -> 1061558.5
B13: 7 | C13: =(INPUTS!E22)*VOLUME!E11*INPUTS!$C$11 -> 68890169 | D13: =INPUTS!K22*INPUTS!$C$11 -> 3355040.7 | E13: =(C13-D13)/(1+INPUTS!$C$10)^(INPUTS!B22-1) -> 647215.37
B14: 8 | C14: =(INPUTS!E23)*VOLUME!E12*INPUTS!$C$11 -> 78731622 | D14: =INPUTS!K23*INPUTS!$C$11 -> 3355040.7 | E14: =(C14-D14)/(1+INPUTS!$C$10)^(INPUTS!B23-1) -> 344805
B15: 9 | C15: =(INPUTS!E24)*VOLUME!E13*INPUTS!$C$11 -> 88573074 | D15: =INPUTS!K24*INPUTS!$C$11 -> 3355040.7 | E15: =(C15-D15)/(1+INPUTS!$C$10)^(INPUTS!B24-1) -> 180563.96
B16: 10 | C16: =(INPUTS!E25)*VOLUME!E14*INPUTS!$C$11 -> 98414527 | D16: =INPUTS!K25*INPUTS!$C$11 -> 3355040.7 | E16: =(C16-D16)/(1+INPUTS!$C$10)^(INPUTS!B25-1) -> 93294.807
B17: 11 | C17: =(INPUTS!E26)*VOLUME!E15*INPUTS!$C$11 -> 1.0825598e+08 | D17: =INPUTS!K26*INPUTS!$C$11 -> 3355040.7 | E17: =(C17-D17)/(1+INPUTS!$C$10)^(INPUTS!B26-1) -> 47687.42
B18: 12 | C18: =(INPUTS!E27)*VOLUME!E16*INPUTS!$C$11 -> 1.1809743e+08 | D18: =INPUTS!K27*INPUTS!$C$11 -> 3355040.7 | E18: =(C18-D18)/(1+INPUTS!$C$10)^(INPUTS!B27-1) -> 24160.771
... B26: 20 | C26: =(INPUTS!E35)*VOLUME!E24*INPUTS!$C$11 -> 1.2793889e+08 | D26: =INPUTS!K35*INPUTS!$C$11 -> 3355040.7 | E26: =(C26-D26)/(1+INPUTS!$C$10)^(INPUTS!B35-1) -> 55.583794
E27: =CONCATENATE("NPV: ",ROUND(SUM(E7:E26)/1000000,2)) -> NPV: 7.41
